Hartford Whalers vs Dallas Stars
Created - Friday, February 20, 2026 at 07:15
Goals
|
| Hartford Whalers |
0 |
1 |
2 |
1 |
4 |
| Dallas Stars |
1 |
1 |
1 |
0 |
3 |
|
Shots
|
| Hartford Whalers |
9 |
10 |
8 |
1 |
28 |
| Dallas Stars |
14 |
6 |
13 |
0 |
33 |
|
1st period
1. Dallas Stars , Luke Kunin 8 (Jordan Martinook 12, Dougie Hamilton 16) at 7:49
Penalties :
Arber Xhekaj (DAL) for Tripping (Minor) at 3:25
2nd period
2. Hartford Whalers , Pierre-Luc Dubois 7 (Sidney Crosby 18, Jordan Kyrou 10) at 5:45
3. Dallas Stars , Jordan Greenway 2 (Alex Iafallo 8, Filip Chytil 6) at 7:39
Penalties :
Devon Toews (HFD) for Hooking (Minor) at 8:21, Matthew Coronato (HFD) for Tripping (Minor) at 15:01
3rd period
4. Hartford Whalers , Pierre-Luc Dubois 8 (Jordan Kyrou 11, Sidney Crosby 19) at 4:23
5. Dallas Stars , Luke Kunin 9 (Jordan Martinook 13, Elias Lindholm 19) at 12:30
6. Hartford Whalers , Tyler Seguin 4 (Carter Verhaeghe 11, Dylan Guenther 9) at 15:01
Penalties :
Seth Jones (HFD) for Slashing (Minor) at 0:22, Devon Toews (HFD) for Holding (Minor) at 8:19
Overtime #1
7. Hartford Whalers , Nick Suzuki 10 (Sidney Crosby 20) at 0:12
Penalties :
No Penalty
Goalie Stats
Joseph Woll (HFD), 30 saves from 33 shots - (0.909), W, 13-8-2, 60:12 minutes
Ukko-Pekka Luukkonen (DAL), 24 saves from 28 shots - (0.857), OTL, 7-6-3, 60:12 minutes
Players Stats for Hartford Whalers
Player Name G A P +/- PIM S H SB GA TA FO MP PP MP PK MP
------------------------------------------------------------------------------------
Anthony Cirelli 0 0 0 -2 0 3 2 0 0 1 4/4 19:20 1:03 3:58
Braden Schneider 0 0 0 2 0 0 1 4 0 0 0/0 20:42 0:55 3:44
Carter Verhaeghe 0 1 1 1 0 2 2 0 3 0 6/7 12:44 0:01 0:00
Devon Toews 0 0 0 2 4 1 0 0 0 2 0/0 18:37 0:55 1:32
Dylan Guenther 0 1 1 1 0 2 2 0 0 0 0/0 12:44 0:01 0:00
Jonathan Drouin 0 0 0 0 0 3 0 0 0 1 0/0 9:26 0:00 0:00
Jordan Kyrou 0 2 2 1 0 2 2 0 0 0 0/0 14:05 0:55 0:00
Joshua Norris 0 0 0 -2 0 1 2 1 0 1 1/4 19:20 1:03 3:58
Kaiden Guhle 0 0 0 0 0 0 1 1 0 0 0/0 15:52 0:00 3:29
Matthew Coronato 0 0 0 0 2 0 3 0 0 0 2/3 9:48 0:00 0:00
Nick Suzuki 1 0 1 -1 0 4 0 0 0 0 9/22 18:59 1:03 3:43
Pierre-Luc Dubois 2 0 2 1 0 3 1 0 0 0 1/1 14:47 0:55 0:15
Seth Jones 0 0 0 -1 2 2 1 5 0 1 0/0 25:02 1:04 2:36
Sidney Crosby 0 3 3 2 0 2 3 0 2 1 14/18 18:06 0:56 3:43
Simon Edvinsson 0 0 0 0 0 1 2 0 0 2 0/0 13:45 0:00 0:19
Tyler Seguin 1 0 1 1 0 1 1 1 0 1 0/0 13:20 0:00 0:15
Tyson Foerster 0 0 0 0 0 0 1 0 0 0 0/0 9:26 0:00 0:00
Vladislav Gavrikov 0 0 0 -1 0 1 1 1 0 1 0/0 26:45 1:04 4:12
Players Stats for Dallas Stars
Player Name G A P +/- PIM S H SB GA TA FO MP PP MP PK MP
------------------------------------------------------------------------------------
Alex Iafallo 0 1 1 1 0 1 1 1 0 0 0/1 17:58 3:55 0:00
Arber Xhekaj 0 0 0 -2 2 0 1 0 0 0 0/0 18:27 0:47 0:00
Brendan Gallagher 0 0 0 0 0 6 0 0 0 2 0/0 17:44 3:58 0:53
Cam York 0 0 0 -1 0 0 2 1 1 1 0/0 21:47 3:42 0:00
Dougie Hamilton 0 1 1 0 0 3 1 1 1 1 0/0 29:25 3:27 0:52
Elias Lindholm 0 1 1 -1 0 2 1 0 2 0 9/22 17:56 3:58 0:53
Filip Chytil 0 1 1 1 0 2 1 0 1 0 5/12 13:49 0:00 0:00
Jack Drury 0 0 0 -1 0 1 1 0 1 0 1/3 10:36 0:00 0:13
Jakob Chychrun 0 0 0 1 0 1 7 2 2 0 0/0 20:47 4:29 1:07
Joel Kiviranta 0 0 0 -1 0 2 0 0 1 0 0/0 8:55 0:03 0:00
Jonas Siegenthaler 0 0 0 0 0 0 0 0 0 0 0/0 2:46 0:00 1:07
Jonatan Berggren 0 0 0 0 0 2 1 0 1 0 6/17 12:57 0:00 0:00
Jordan Greenway 1 0 1 1 0 3 3 1 0 1 0/1 14:07 0:03 0:03
Jordan Martinook 0 2 2 0 0 1 1 0 0 0 0/1 17:52 3:55 0:57
Josh Anderson 0 0 0 -1 0 1 4 0 1 0 0/1 20:39 3:58 0:59
Luke Kunin 2 0 2 0 0 6 1 0 0 0 0/0 16:55 3:55 0:00
Trent Frederic 0 0 0 -1 0 2 1 0 0 0 1/1 8:55 0:03 0:00
Trevor van Riemsdyk 0 0 0 0 0 0 2 3 0 0 0/0 27:13 3:27 0:52
3 Stars
1 - Sidney Crosby (HFD)
2 - Pierre-Luc Dubois (HFD)
3 - Luke Kunin (DAL)
Power Play
Hartford Whalers - 0 on 1 Attempt(s) - 0.00%
Dallas Stars - 0 on 4 Attempt(s) - 0.00%
Penalty Kill
Hartford Whalers - 4 on 4 Attempt(s) - 100.00%
- Score 0 goal in Penalty Kill
Dallas Stars - 1 on 1 Attempt(s) - 100.00%
- Score 0 goal in Penalty Kill
Team Stat
Hartford Whalers - Hits : 25 - Faceoff Wins : 37 - Blocked Shots : 13 - Penalty Minutes : 8
Dallas Stars - Hits : 28 - Faceoff Wins : 22 - Blocked Shots : 9 - Penalty Minutes : 2
Official
Referees : Kyle Rehman and Steve Kozari
Linesman : Michel Cormier and Ryan Daisy
Game Notes
Jonas Siegenthaler is injured at 7:23 of 1st period (Sprained Left Finger)
Finance
Level 1 -- Attendance: 5353 (89.22%) -- Ticket Income $481,770
Level 2 -- Attendance: 4975 (99.50%) -- Ticket Income $248,750
Level 3 -- Attendance: 2985 (99.50%) -- Ticket Income $89,550
Level 4 -- Attendance: 3825 (76.50%) -- Ticket Income $95,625
Luxury Box -- Attendance: 849 (84.90%) -- Ticket Income $161,310
Game was played at the American Airlines Center.
Total Attendance: 17987 (89.94%)
Total Ticket Income: $1,077,005
Other Income: $376,952
Total Income: $1,453,957
Hartford Whalers
5 vs 5 Forward
Center Left Wing Right Wing Time % Phy DF OF
1 Nick Suzuki Joshua Norris Anthony Cirelli 30 1 2 2
2 Sidney Crosby Pierre-Luc Dubois Jordan Kyrou 30 1 2 2
3 Carter Verhaeghe Dylan Guenther Tyler Seguin 25 1 2 2
4 Matthew Coronato Jonathan Drouin Tyson Foerster 15 1 2 2
5 vs 5 Defense
Defense Defense Time % Phy DF OF
1 Seth Jones Vladislav Gavrikov 30 1 2 2
2 Devon Toews Braden Schneider 30 1 2 2
3 Simon Edvinsson Kaiden Guhle 25 1 2 2
4 Seth Jones Vladislav Gavrikov 15 1 2 2
PowerPlay Forward
Center Left Wing Right Wing Time % Phy DF OF
1 Nick Suzuki Joshua Norris Anthony Cirelli 50 1 2 2
2 Sidney Crosby Pierre-Luc Dubois Jordan Kyrou 50 1 2 2
PowerPlay Defense
Defense Defense Time % Phy DF OF
1 Seth Jones Vladislav Gavrikov 50 1 2 2
2 Devon Toews Braden Schneider 50 1 2 2
Penalty Kill 4 Players Forward
Center Wing Time % Phy DF OF
1 Nick Suzuki Sidney Crosby 50 1 2 2
2 Joshua Norris Anthony Cirelli 50 1 2 2
Penalty Kill 4 Players Defense
Defense Defense Time % Phy DF OF
1 Seth Jones Vladislav Gavrikov 50 1 2 2
2 Devon Toews Braden Schneider 50 1 2 2
Penalty Kill - 3 Players Forward
Forward Time % Phy DF OF
1 Nick Suzuki 50 1 2 2
2 Sidney Crosby 50 1 2 2
Penalty Kill - 3 Players Defense
Defense Defense Time % Phy DF OF
1 Seth Jones Vladislav Gavrikov 50 1 2 2
2 Devon Toews Braden Schneider 50 1 2 2
4 vs 4 Forward
Center Wing Time % Phy DF OF
1 Sidney Crosby Nick Suzuki 50 1 2 2
2 Joshua Norris Anthony Cirelli 50 1 2 2
4 vs 4 Defense
Defense Defense Time % Phy DF OF
1 Seth Jones Vladislav Gavrikov 50 1 2 2
2 Devon Toews Braden Schneider 50 1 2 2
Last Minutes Offensive
Center Left Wing Right Wing Defense Defense
Sidney Crosby Dylan Guenther Nick Suzuki Devon Toews Seth Jones
Last Minutes Defensive
Center Left Wing Right Wing Defense Defense
Joshua Norris Carter Verhaeghe Anthony Cirelli Vladislav Gavrikov Braden Schneider
Goaltenders
Starting : Joseph Woll
Backup : Samuel Montembeault
Extra Forwards
Normal : Dylan Guenther, Carter Verhaeghe, Tyler Seguin - PP : Dylan Guenther, Carter Verhaeghe - PK : Tyler Seguin
Extra Defensemen
Normal : Simon Edvinsson, Kaiden Guhle, Devon Toews - PP : Simon Edvinsson - PK : Kaiden Guhle, Devon Toews
Penalty Shots
Tyler Seguin, Pierre-Luc Dubois, Sidney Crosby, Nick Suzuki, Joshua Norris
Scratches
Shakir Mukhamadullin (Healthy), Calle Odelius (Healthy)
Dallas Stars
5 vs 5 Forward
Center Left Wing Right Wing Time % Phy DF OF
1 Elias Lindholm Josh Anderson Brendan Gallagher 30 1 2 2
2 Jonatan Berggren Jordan Martinook Luke Kunin 30 1 2 2
3 Filip Chytil Alex Iafallo Jordan Greenway 25 1 2 2
4 Jack Drury Joel Kiviranta Trent Frederic 15 1 2 2
5 vs 5 Defense
Defense Defense Time % Phy DF OF
1 Dougie Hamilton Trevor van Riemsdyk 30 1 2 2
2 Jakob Chychrun Jonas Siegenthaler 30 1 2 2
3 Cam York Arber Xhekaj 25 1 2 2
4 Dougie Hamilton Trevor van Riemsdyk 15 1 2 2
PowerPlay Forward
Center Left Wing Right Wing Time % Phy DF OF
1 Elias Lindholm Josh Anderson Brendan Gallagher 50 1 2 2
2 Alex Iafallo Jordan Martinook Luke Kunin 50 1 2 2
PowerPlay Defense
Defense Defense Time % Phy DF OF
1 Dougie Hamilton Trevor van Riemsdyk 50 1 2 2
2 Jakob Chychrun Jonas Siegenthaler 50 1 2 2
Penalty Kill 4 Players Forward
Center Wing Time % Phy DF OF
1 Elias Lindholm Josh Anderson 50 1 2 2
2 Brendan Gallagher Jordan Martinook 50 1 2 2
Penalty Kill 4 Players Defense
Defense Defense Time % Phy DF OF
1 Dougie Hamilton Trevor van Riemsdyk 50 1 2 2
2 Jakob Chychrun Jonas Siegenthaler 50 1 2 2
Penalty Kill - 3 Players Forward
Forward Time % Phy DF OF
1 Elias Lindholm 50 1 2 2
2 Josh Anderson 50 1 2 2
Penalty Kill - 3 Players Defense
Defense Defense Time % Phy DF OF
1 Dougie Hamilton Trevor van Riemsdyk 50 1 2 2
2 Jakob Chychrun Jonas Siegenthaler 50 1 2 2
4 vs 4 Forward
Center Wing Time % Phy DF OF
1 Elias Lindholm Josh Anderson 50 1 2 2
2 Brendan Gallagher Jordan Martinook 50 1 2 2
4 vs 4 Defense
Defense Defense Time % Phy DF OF
1 Dougie Hamilton Trevor van Riemsdyk 50 1 2 2
2 Jakob Chychrun Jonas Siegenthaler 50 1 2 2
Last Minutes Offensive
Center Left Wing Right Wing Defense Defense
Elias Lindholm Josh Anderson Brendan Gallagher Dougie Hamilton Trevor van Riemsdyk
Last Minutes Defensive
Center Left Wing Right Wing Defense Defense
Elias Lindholm Josh Anderson Brendan Gallagher Dougie Hamilton Trevor van Riemsdyk
Goaltenders
Starting : Ukko-Pekka Luukkonen
Backup : Alex Lyon
Extra Forwards
Normal : Alex Iafallo, Joel Kiviranta, Josh Anderson - PP : Alex Iafallo, Joel Kiviranta - PK : Elias Lindholm
Extra Defensemen
Normal : Cam York, Arber Xhekaj, Jakob Chychrun - PP : Cam York - PK : Arber Xhekaj, Jakob Chychrun
Penalty Shots
Elias Lindholm, Josh Anderson, Brendan Gallagher, Jordan Martinook, Alex Iafallo
Scratches
Ty Smith (Healthy), Nils Lundkvist (Healthy), Philip Tomasino (Healthy), Marc-Andre Fleury (Healthy), Semyon Varlamov (Healthy)
% Time on Ice - Hartford Whalers
Lines # - Real PCT - Wanted PCT - Time Play
Normal Forward
1 - 29% - 30% - 14:28
2 - 27% - 30% - 13:33
3 - 25% - 25% - 12:38
4 - 19% - 15% - 9:26
Normal Defense
1 - 31% - 30% - 15:36
2 - 33% - 30% - 16:30
3 - 25% - 25% - 12:28
4 - 11% - 15% - 5:31
PP Forward
1 - 53% - 50% - 1:03
2 - 47% - 50% - 0:56
PP Defense
1 - 54% - 50% - 1:04
2 - 46% - 50% - 0:55
PK Forward
1 - 50% - 50% - 3:58
2 - 50% - 50% - 3:58
PK Defense
1 - 49% - 50% - 3:53
2 - 51% - 50% - 4:03
PK3 Forward
1 - 0% - 50%
2 - 0% - 50%
PK3 Defense
1 - 0% - 50%
2 - 0% - 50%
44 Forward
1 - 100% - 50% - 0:12
2 - 0% - 50% - 0:00
44 Defense
1 - 100% - 50% - 0:12
2 - 0% - 50% - 0:00
Last Minute Offensive - 0:00
Last Minute Defensive - 0:00
Total
Forward - 60:12
Defense - 60:12
|
% Time on Ice - Dallas Stars
Lines # - Real PCT - Wanted PCT - Time Play
Normal Forward
1 - 29% - 30% - 14:24
2 - 26% - 30% - 13:00
3 - 28% - 25% - 13:49
4 - 18% - 15% - 8:52
Normal Defense
1 - 31% - 30% - 15:31
2 - 34% - 30% - 16:58
3 - 23% - 25% - 11:39
4 - 12% - 15% - 5:57
PP Forward
1 - 50% - 50% - 3:58
2 - 50% - 50% - 3:58
PP Defense
1 - 43% - 50% - 3:27
2 - 57% - 50% - 4:29
PK Forward
1 - 52% - 50% - 1:02
2 - 48% - 50% - 0:57
PK Defense
1 - 44% - 50% - 0:52
2 - 56% - 50% - 1:07
PK3 Forward
1 - 0% - 50%
2 - 0% - 50%
PK3 Defense
1 - 0% - 50%
2 - 0% - 50%
44 Forward
1 - 100% - 50% - 0:12
2 - 0% - 50% - 0:00
44 Defense
1 - 100% - 50% - 0:12
2 - 0% - 50% - 0:00
Last Minute Offensive - 0:00
Last Minute Defensive - 0:00
Total
Forward - 60:12
Defense - 60:12
|
Play-by-Play
1st period
0:01 of 1st period - Elias Lindholm wins face-off versus Nick Suzuki in neutral zone.
0:31 of 1st period - Snap shot by Sidney Crosby.
0:31 of 1st period - Stopped by Ukko-Pekka Luukkonen without a rebound.
0:32 of 1st period - Carter Verhaeghe wins face-off versus Jonatan Berggren in Dallas Stars zone.
0:41 of 1st period - Wrist shot by Carter Verhaeghe.
0:41 of 1st period - Shot Misses the Net.
0:59 of 1st period - Jonathan Drouin is hit by Jordan Greenway and loses puck.
1:32 of 1st period - Wrist shot by Joel Kiviranta.
1:32 of 1st period - Stopped by Joseph Woll without a rebound.
1:33 of 1st period - Nick Suzuki wins face-off versus Elias Lindholm in Hartford Whalers zone.
1:46 of 1st period - Wrist shot by Nick Suzuki.
1:46 of 1st period - Stopped by Ukko-Pekka Luukkonen with a rebound.
1:48 of 1st period - Snap shot by Simon Edvinsson.
1:48 of 1st period - Deflect By Nick Suzuki.
1:48 of 1st period - Shot Misses the Net.
1:48 of 1st period - Puck is out of play.
1:49 of 1st period - Filip Chytil wins face-off versus Sidney Crosby in Dallas Stars zone.
2:16 of 1st period - Vladislav Gavrikov is hit by Jonatan Berggren and loses puck.
3:25 of 1st period - Minor Penalty to Arber Xhekaj for Tripping.
3:26 of 1st period - Elias Lindholm wins face-off versus Nick Suzuki in Dallas Stars zone.
3:37 of 1st period - Wrist shot by Anthony Cirelli.
3:37 of 1st period - Stopped by Ukko-Pekka Luukkonen with a rebound.
5:25 of 1st period - Penalty to Arber Xhekaj is over, Arber Xhekaj is back on ice.
5:56 of 1st period - Matthew Coronato is hit by Arber Xhekaj and loses puck.
6:11 of 1st period - Wrist shot by Jonathan Drouin.
6:11 of 1st period - Stopped by Ukko-Pekka Luukkonen with a rebound.
6:55 of 1st period - Wrist shot by Jonathan Drouin.
6:55 of 1st period - Stopped by Ukko-Pekka Luukkonen without a rebound.
6:56 of 1st period - Jonatan Berggren wins face-off versus Joshua Norris in Dallas Stars zone.
7:22 of 1st period - Jonas Siegenthaler is hit by Seth Jones and loses puck.
7:23 of 1st period - Jonas Siegenthaler from Dallas Stars is injured at 7:23 of 1st period (Sprained Left Finger).
7:24 of 1st period - Carter Verhaeghe wins face-off versus Filip Chytil in Dallas Stars zone.
7:31 of 1st period - Snap shot by Alex Iafallo.
7:31 of 1st period - Shot Misses the Net.
7:33 of 1st period - Wrist shot by Jordan Greenway.
7:33 of 1st period - Shot Misses the Net.
7:35 of 1st period - Wrist shot by Jordan Greenway.
7:35 of 1st period - Stopped by Joseph Woll with a rebound.
7:37 of 1st period - Snap shot by Trevor van Riemsdyk.
7:37 of 1st period - Shot Blocked by Seth Jones.
7:39 of 1st period - Wrist shot by Jordan Greenway.
7:39 of 1st period - Stopped by Joseph Woll without a rebound.
7:40 of 1st period - Sidney Crosby wins face-off versus Jonatan Berggren in Hartford Whalers zone.
7:49 of 1st period - Snap shot by Luke Kunin.
7:49 of 1st period - Goal by Luke Kunin - Hartford Whalers : 0 - Dallas Stars : 1.
7:50 of 1st period - Sidney Crosby wins face-off versus Jonatan Berggren in neutral zone.
7:55 of 1st period - Snap shot by Pierre-Luc Dubois.
7:55 of 1st period - Shot Blocked by Trevor van Riemsdyk.
7:57 of 1st period - Wrist shot by Pierre-Luc Dubois.
7:57 of 1st period - Shot Blocked by Trevor van Riemsdyk.
7:59 of 1st period - Snap shot by Pierre-Luc Dubois.
7:59 of 1st period - Stopped by Ukko-Pekka Luukkonen with a rebound.
8:35 of 1st period - Backhand shot by Luke Kunin.
8:35 of 1st period - Shot Misses the Net.
8:57 of 1st period - Snap shot by Luke Kunin.
8:57 of 1st period - Stopped by Joseph Woll without a rebound.
8:58 of 1st period - Joshua Norris wins face-off versus Filip Chytil in Hartford Whalers zone.
9:25 of 1st period - Jakob Chychrun is hit by Pierre-Luc Dubois and loses puck.
9:32 of 1st period - Snap shot by Jordan Kyrou.
9:32 of 1st period - Shot Misses the Net.
9:58 of 1st period - Snap shot by Filip Chytil.
9:58 of 1st period - Stopped by Joseph Woll with a rebound.
10:00 of 1st period - Wrist shot by Jakob Chychrun.
10:00 of 1st period - Stopped by Joseph Woll without a rebound.
10:01 of 1st period - Nick Suzuki wins face-off versus Jack Drury in Hartford Whalers zone.
10:08 of 1st period - Joel Kiviranta is hit by Anthony Cirelli and loses puck.
10:33 of 1st period - Slapshot by Dylan Guenther.
10:33 of 1st period - Stopped by Ukko-Pekka Luukkonen without a rebound.
10:34 of 1st period - Carter Verhaeghe wins face-off versus Jonatan Berggren in Dallas Stars zone.
10:43 of 1st period - Wrist shot by Dylan Guenther.
10:43 of 1st period - Stopped by Ukko-Pekka Luukkonen with a rebound.
10:45 of 1st period - Wrist shot by Carter Verhaeghe.
10:45 of 1st period - Shot Blocked by Cam York.
10:47 of 1st period - Slapshot by Devon Toews.
10:47 of 1st period - Stopped by Ukko-Pekka Luukkonen without a rebound.
10:48 of 1st period - Trent Frederic wins face-off versus Nick Suzuki in Dallas Stars zone.
12:05 of 1st period - Wrist shot by Brendan Gallagher.
12:05 of 1st period - Stopped by Joseph Woll without a rebound.
12:06 of 1st period - Anthony Cirelli wins face-off versus Filip Chytil in Hartford Whalers zone.
12:41 of 1st period - Snap shot by Luke Kunin.
12:41 of 1st period - Stopped by Joseph Woll with a rebound.
12:43 of 1st period - Slapshot by Jonatan Berggren.
12:43 of 1st period - Stopped by Joseph Woll with a rebound.
12:45 of 1st period - Wrist shot by Luke Kunin.
12:45 of 1st period - Shot Blocked by Seth Jones.
13:31 of 1st period - Elias Lindholm is hit by Joshua Norris and loses puck.
13:51 of 1st period - Icing by Elias Lindholm.
13:52 of 1st period - Filip Chytil wins face-off versus Sidney Crosby in Dallas Stars zone.
14:29 of 1st period - Snap shot by Jonatan Berggren.
14:29 of 1st period - Stopped by Joseph Woll without a rebound.
14:30 of 1st period - Carter Verhaeghe wins face-off versus Elias Lindholm in Hartford Whalers zone.
14:30 of 1st period - Carter Verhaeghe is hit by Josh Anderson.
14:36 of 1st period - Carter Verhaeghe is hit by Jakob Chychrun and loses puck.
16:22 of 1st period - Braden Schneider is hit by Dougie Hamilton and loses puck.
16:31 of 1st period - Snap shot by Alex Iafallo.
16:31 of 1st period - Deflect By Filip Chytil.
16:31 of 1st period - Stopped by Joseph Woll with a rebound.
16:33 of 1st period - Slapshot by Cam York.
16:33 of 1st period - Deflect By Alex Iafallo.
16:33 of 1st period - Shot Misses the Net.
16:33 of 1st period - Puck is out of play.
16:34 of 1st period - Nick Suzuki wins face-off versus Jonatan Berggren in Hartford Whalers zone.
16:59 of 1st period - Cam York is hit by Jordan Kyrou and loses puck.
17:20 of 1st period - Wrist shot by Alex Iafallo.
17:20 of 1st period - Stopped by Joseph Woll without a rebound.
17:21 of 1st period - Filip Chytil wins face-off versus Matthew Coronato in Hartford Whalers zone.
17:44 of 1st period - Nick Suzuki is hit by Jordan Greenway and loses puck.
18:12 of 1st period - Slapshot by Jordan Martinook.
18:12 of 1st period - Deflect By Luke Kunin.
18:12 of 1st period - Stopped by Joseph Woll without a rebound.
18:13 of 1st period - Jonatan Berggren wins face-off versus Sidney Crosby in Hartford Whalers zone.
18:16 of 1st period - Wrist shot by Luke Kunin.
18:16 of 1st period - Shot Blocked by Seth Jones.
Goals for this period are 0 for Hartford Whalers vs 1 for Dallas Stars.
Shots for this period are 9 for Hartford Whalers vs 14 for Dallas Stars.
2nd period
0:01 of 2nd period - Nick Suzuki wins face-off versus Elias Lindholm in neutral zone.
0:06 of 2nd period - Dougie Hamilton is hit by Joshua Norris and loses puck.
1:31 of 2nd period - Slapshot by Brendan Gallagher.
1:31 of 2nd period - Stopped by Joseph Woll without a rebound.
1:32 of 2nd period - Nick Suzuki wins face-off versus Elias Lindholm in Hartford Whalers zone.
1:32 of 2nd period - Nick Suzuki is hit by Josh Anderson.
1:53 of 2nd period - Icing by Nick Suzuki.
1:54 of 2nd period - Jonatan Berggren wins face-off versus Nick Suzuki in Hartford Whalers zone.
2:12 of 2nd period - Off-side.
2:13 of 2nd period - Sidney Crosby wins face-off versus Filip Chytil in neutral zone.
3:26 of 2nd period - Snap shot by Matthew Coronato.
3:26 of 2nd period - Shot Misses the Net.
3:28 of 2nd period - Slapshot by Seth Jones.
3:28 of 2nd period - Shot Misses the Net.
3:52 of 2nd period - Snap shot by Jordan Kyrou.
3:52 of 2nd period - Shot Blocked by Alex Iafallo.
4:30 of 2nd period - Wrist shot by Joshua Norris.
4:30 of 2nd period - Stopped by Ukko-Pekka Luukkonen with a rebound.
4:32 of 2nd period - Slapshot by Anthony Cirelli.
4:32 of 2nd period - Stopped by Ukko-Pekka Luukkonen without a rebound.
4:33 of 2nd period - Jonatan Berggren wins face-off versus Sidney Crosby in Dallas Stars zone.
4:50 of 2nd period - Simon Edvinsson is hit by Jakob Chychrun and loses puck.
5:11 of 2nd period - Jakob Chychrun is hit by Simon Edvinsson and loses puck.
5:37 of 2nd period - Slapshot by Seth Jones.
5:37 of 2nd period - Deflect By Brendan Gallagher.
5:37 of 2nd period - Stopped by Ukko-Pekka Luukkonen without a rebound.
5:38 of 2nd period - Sidney Crosby wins face-off versus Jonatan Berggren in Dallas Stars zone.
5:45 of 2nd period - Snap shot by Pierre-Luc Dubois.
5:45 of 2nd period - Goal by Pierre-Luc Dubois - Hartford Whalers : 1 - Dallas Stars : 1.
5:46 of 2nd period - Sidney Crosby wins face-off versus Jonatan Berggren in neutral zone.
5:55 of 2nd period - Slapshot by Dougie Hamilton.
5:55 of 2nd period - Shot Blocked by Seth Jones.
6:13 of 2nd period - Seth Jones is hit by Josh Anderson and loses puck.
6:54 of 2nd period - Braden Schneider is hit by Jakob Chychrun and loses puck.
7:03 of 2nd period - Wrist shot by Joel Kiviranta.
7:03 of 2nd period - Stopped by Joseph Woll without a rebound.
7:04 of 2nd period - Sidney Crosby wins face-off versus Jonatan Berggren in Hartford Whalers zone.
7:09 of 2nd period - Luke Kunin is hit by Kaiden Guhle.
7:35 of 2nd period - Snap shot by Alex Iafallo.
7:35 of 2nd period - Shot Blocked by Kaiden Guhle.
7:37 of 2nd period - Snap shot by Alex Iafallo.
7:37 of 2nd period - Shot Misses the Net.
7:39 of 2nd period - Snap shot by Jordan Greenway.
7:39 of 2nd period - Goal by Jordan Greenway - Hartford Whalers : 1 - Dallas Stars : 2.
7:40 of 2nd period - Elias Lindholm wins face-off versus Nick Suzuki in neutral zone.
7:48 of 2nd period - Wrist shot by Elias Lindholm.
7:48 of 2nd period - Shot Blocked by Joshua Norris.
7:50 of 2nd period - Snap shot by Josh Anderson.
7:50 of 2nd period - Stopped by Joseph Woll with a rebound.
7:52 of 2nd period - Slapshot by Trevor van Riemsdyk.
7:52 of 2nd period - Shot Blocked by Vladislav Gavrikov.
7:54 of 2nd period - Wrist shot by Josh Anderson.
7:54 of 2nd period - Shot Blocked by Seth Jones.
7:56 of 2nd period - Slapshot by Dougie Hamilton.
7:56 of 2nd period - Stopped by Joseph Woll without a rebound.
7:57 of 2nd period - Pierre-Luc Dubois wins face-off versus Jonatan Berggren in Hartford Whalers zone.
8:06 of 2nd period - Cam York is hit by Sidney Crosby and loses puck.
8:14 of 2nd period - Luke Kunin is hit by Jordan Kyrou and loses puck.
8:21 of 2nd period - Minor Penalty to Devon Toews for Hooking.
8:22 of 2nd period - Elias Lindholm wins face-off versus Nick Suzuki in Hartford Whalers zone.
9:27 of 2nd period - Kaiden Guhle is hit by Luke Kunin and loses puck.
10:21 of 2nd period - Penalty to Devon Toews is over, Devon Toews is back on ice.
10:44 of 2nd period - Braden Schneider is hit by Alex Iafallo and loses puck.
11:09 of 2nd period - Snap shot by Tyson Foerster.
11:09 of 2nd period - Shot Misses the Net.
11:25 of 2nd period - Icing by Josh Anderson.
11:26 of 2nd period - Sidney Crosby wins face-off versus Jordan Greenway in Dallas Stars zone.
11:45 of 2nd period - Cam York is hit by Sidney Crosby and loses puck.
11:54 of 2nd period - Slapshot by Sidney Crosby.
11:54 of 2nd period - Stopped by Ukko-Pekka Luukkonen without a rebound.
11:55 of 2nd period - Nick Suzuki wins face-off versus Jonatan Berggren in Dallas Stars zone.
11:56 of 2nd period - Snap shot by Joshua Norris.
11:56 of 2nd period - Deflect By Nick Suzuki.
11:56 of 2nd period - Stopped by Ukko-Pekka Luukkonen with a rebound.
11:58 of 2nd period - Slapshot by Seth Jones.
11:58 of 2nd period - Stopped by Ukko-Pekka Luukkonen without a rebound.
11:59 of 2nd period - Jonatan Berggren wins face-off versus Nick Suzuki in Dallas Stars zone.
12:06 of 2nd period - Joshua Norris is hit by Jakob Chychrun and loses puck.
12:31 of 2nd period - Snap shot by Pierre-Luc Dubois.
12:31 of 2nd period - Shot Misses the Net.
12:33 of 2nd period - Snap shot by Jordan Kyrou.
12:33 of 2nd period - Stopped by Ukko-Pekka Luukkonen without a rebound.
12:34 of 2nd period - Carter Verhaeghe wins face-off versus Elias Lindholm in Dallas Stars zone.
13:01 of 2nd period - Snap shot by Jack Drury.
13:01 of 2nd period - Shot Misses the Net.
13:53 of 2nd period - Carter Verhaeghe is hit by Jordan Martinook and loses puck.
14:14 of 2nd period - Wrist shot by Elias Lindholm.
14:14 of 2nd period - Shot Misses the Net.
14:48 of 2nd period - Snap shot by Jonathan Drouin.
14:48 of 2nd period - Stopped by Ukko-Pekka Luukkonen with a rebound.
14:50 of 2nd period - Slapshot by Simon Edvinsson.
14:50 of 2nd period - Stopped by Ukko-Pekka Luukkonen without a rebound.
14:51 of 2nd period - Matthew Coronato wins face-off versus Josh Anderson in Dallas Stars zone.
15:01 of 2nd period - Minor Penalty to Matthew Coronato for Tripping.
15:02 of 2nd period - Nick Suzuki wins face-off versus Alex Iafallo in Hartford Whalers zone.
15:02 of 2nd period - Nick Suzuki is hit by Trevor van Riemsdyk.
15:45 of 2nd period - Wrist shot by Elias Lindholm.
15:45 of 2nd period - Stopped by Joseph Woll with a rebound.
16:55 of 2nd period - Pierre-Luc Dubois is hit by Cam York and loses puck.
17:01 of 2nd period - Penalty to Matthew Coronato is over, Matthew Coronato is back on ice.
17:08 of 2nd period - Tyler Seguin is hit by Trent Frederic and loses puck.
17:19 of 2nd period - Snap shot by Trent Frederic.
17:19 of 2nd period - Shot Blocked by Braden Schneider.
18:17 of 2nd period - Cam York is hit by Tyler Seguin and loses puck.
18:30 of 2nd period - Snap shot by Jordan Kyrou.
18:30 of 2nd period - Shot Blocked by Jakob Chychrun.
19:12 of 2nd period - Jordan Martinook is hit by Vladislav Gavrikov and loses puck.
19:23 of 2nd period - Slapshot by Dougie Hamilton.
19:23 of 2nd period - Shot Misses the Net.
19:33 of 2nd period - Arber Xhekaj is hit by Braden Schneider and loses puck.
Goals for this period are 1 for Hartford Whalers vs 1 for Dallas Stars.
Shots for this period are 10 for Hartford Whalers vs 6 for Dallas Stars.
3rd period
0:01 of 3rd period - Elias Lindholm wins face-off versus Nick Suzuki in neutral zone.
0:22 of 3rd period - Minor Penalty to Seth Jones for Slashing.
0:23 of 3rd period - Elias Lindholm wins face-off versus Joshua Norris in Hartford Whalers zone.
0:24 of 3rd period - Snap shot by Brendan Gallagher.
0:24 of 3rd period - Shot Misses the Net.
0:36 of 3rd period - Nick Suzuki is hit by Josh Anderson and loses puck.
2:22 of 3rd period - Penalty to Seth Jones is over, Seth Jones is back on ice.
2:31 of 3rd period - Matthew Coronato is hit by Jakob Chychrun and loses puck.
2:55 of 3rd period - Jakob Chychrun is hit by Matthew Coronato and loses puck.
3:10 of 3rd period - Alex Iafallo is hit by Matthew Coronato.
3:14 of 3rd period - Jordan Greenway is hit by Tyson Foerster.
3:27 of 3rd period - Alex Iafallo is hit by Matthew Coronato.
3:31 of 3rd period - Tyson Foerster is hit by Jordan Greenway and loses puck.
3:38 of 3rd period - Snap shot by Filip Chytil.
3:38 of 3rd period - Deflect By Jordan Greenway.
3:38 of 3rd period - Shot Misses the Net.
3:38 of 3rd period - Puck is out of play.
3:39 of 3rd period - Anthony Cirelli wins face-off versus Jonatan Berggren in Hartford Whalers zone.
4:07 of 3rd period - Snap shot by Jack Drury.
4:07 of 3rd period - Shot Blocked by Braden Schneider.
4:09 of 3rd period - Slapshot by Arber Xhekaj.
4:09 of 3rd period - Shot Blocked by Braden Schneider.
4:11 of 3rd period - Slapshot by Trent Frederic.
4:11 of 3rd period - Stopped by Joseph Woll without a rebound.
4:12 of 3rd period - Sidney Crosby wins face-off versus Jack Drury in Hartford Whalers zone.
4:21 of 3rd period - Wrist shot by Sidney Crosby.
4:21 of 3rd period - Shot Misses the Net.
4:23 of 3rd period - Wrist shot by Jordan Kyrou.
4:23 of 3rd period - Deflect By Pierre-Luc Dubois.
4:23 of 3rd period - Goal by Pierre-Luc Dubois - Hartford Whalers : 2 - Dallas Stars : 2.
4:24 of 3rd period - Sidney Crosby wins face-off versus Elias Lindholm in neutral zone.
4:32 of 3rd period - Seth Jones is hit by Cam York and loses puck.
5:12 of 3rd period - Alex Iafallo is hit by Dylan Guenther and loses puck.
5:17 of 3rd period - Wrist shot by Carter Verhaeghe.
5:17 of 3rd period - Stopped by Ukko-Pekka Luukkonen with a rebound.
5:19 of 3rd period - Slapshot by Vladislav Gavrikov.
5:19 of 3rd period - Stopped by Ukko-Pekka Luukkonen without a rebound.
5:20 of 3rd period - Sidney Crosby wins face-off versus Elias Lindholm in Dallas Stars zone.
5:25 of 3rd period - Snap shot by Jordan Kyrou.
5:25 of 3rd period - Stopped by Ukko-Pekka Luukkonen with a rebound.
5:35 of 3rd period - Snap shot by Brendan Gallagher.
5:35 of 3rd period - Stopped by Joseph Woll without a rebound.
5:36 of 3rd period - Jonatan Berggren wins face-off versus Nick Suzuki in Hartford Whalers zone.
5:37 of 3rd period - Wrist shot by Luke Kunin.
5:37 of 3rd period - Stopped by Joseph Woll with a rebound.
6:01 of 3rd period - Elias Lindholm is hit by Sidney Crosby and loses puck.
6:28 of 3rd period - Jordan Greenway is hit by Carter Verhaeghe and loses puck.
6:57 of 3rd period - Wrist shot by Jack Drury.
6:57 of 3rd period - Stopped by Joseph Woll without a rebound.
6:58 of 3rd period - Nick Suzuki wins face-off versus Elias Lindholm in Hartford Whalers zone.
6:58 of 3rd period - Nick Suzuki is hit by Jakob Chychrun.
8:19 of 3rd period - Minor Penalty to Devon Toews for Holding.
8:20 of 3rd period - Elias Lindholm wins face-off versus Joshua Norris in Hartford Whalers zone.
8:53 of 3rd period - Slapshot by Alex Iafallo.
8:53 of 3rd period - Shot Misses the Net.
8:55 of 3rd period - Snap shot by Alex Iafallo.
8:55 of 3rd period - Deflect By Jordan Martinook.
8:55 of 3rd period - Stopped by Joseph Woll with a rebound.
9:51 of 3rd period - Anthony Cirelli is hit by Jakob Chychrun and loses puck.
10:19 of 3rd period - Penalty to Devon Toews is over, Devon Toews is back on ice.
10:26 of 3rd period - Trent Frederic is hit by Dylan Guenther.
10:30 of 3rd period - Simon Edvinsson is hit by Trevor van Riemsdyk and loses puck.
10:35 of 3rd period - Slapshot by Trent Frederic.
10:35 of 3rd period - Stopped by Joseph Woll with a rebound.
10:52 of 3rd period - Icing by Filip Chytil.
10:53 of 3rd period - Matthew Coronato wins face-off versus Filip Chytil in Dallas Stars zone.
11:36 of 3rd period - Icing by Arber Xhekaj.
11:37 of 3rd period - Filip Chytil wins face-off versus Nick Suzuki in Dallas Stars zone.
11:42 of 3rd period - Wrist shot by Dougie Hamilton.
11:42 of 3rd period - Stopped by Joseph Woll without a rebound.
11:43 of 3rd period - Nick Suzuki wins face-off versus Filip Chytil in Hartford Whalers zone.
11:48 of 3rd period - Snap shot by Nick Suzuki.
11:48 of 3rd period - Stopped by Ukko-Pekka Luukkonen with a rebound.
11:50 of 3rd period - Slapshot by Kaiden Guhle.
11:50 of 3rd period - Shot Blocked by Jakob Chychrun.
11:52 of 3rd period - Slapshot by Simon Edvinsson.
11:52 of 3rd period - Deflect By Nick Suzuki.
11:52 of 3rd period - Shot Misses the Net.
11:52 of 3rd period - Puck is out of play.
11:53 of 3rd period - Sidney Crosby wins face-off versus Elias Lindholm in Dallas Stars zone.
12:30 of 3rd period - Snap shot by Luke Kunin.
12:30 of 3rd period - Goal by Luke Kunin - Hartford Whalers : 2 - Dallas Stars : 3.
12:31 of 3rd period - Elias Lindholm wins face-off versus Nick Suzuki in neutral zone.
12:38 of 3rd period - Wrist shot by Brendan Gallagher.
12:38 of 3rd period - Stopped by Joseph Woll with a rebound.
12:40 of 3rd period - Snap shot by Elias Lindholm.
12:40 of 3rd period - Stopped by Joseph Woll with a rebound.
12:42 of 3rd period - Snap shot by Brendan Gallagher.
12:42 of 3rd period - Stopped by Joseph Woll without a rebound.
12:43 of 3rd period - Sidney Crosby wins face-off versus Jordan Martinook in Hartford Whalers zone.
13:18 of 3rd period - Snap shot by Carter Verhaeghe.
13:18 of 3rd period - Stopped by Ukko-Pekka Luukkonen without a rebound.
13:19 of 3rd period - Anthony Cirelli wins face-off versus Elias Lindholm in Dallas Stars zone.
13:32 of 3rd period - Wrist shot by Elias Lindholm.
13:32 of 3rd period - Deflect By Brendan Gallagher.
13:32 of 3rd period - Stopped by Joseph Woll without a rebound.
13:33 of 3rd period - Sidney Crosby wins face-off versus Elias Lindholm in Hartford Whalers zone.
13:33 of 3rd period - Sidney Crosby is hit by Elias Lindholm.
13:59 of 3rd period - Jordan Martinook is hit by Anthony Cirelli and loses puck.
14:10 of 3rd period - Slapshot by Anthony Cirelli.
14:10 of 3rd period - Shot Misses the Net.
14:33 of 3rd period - Icing by Kaiden Guhle.
14:34 of 3rd period - Carter Verhaeghe wins face-off versus Elias Lindholm in Hartford Whalers zone.
15:01 of 3rd period - Snap shot by Tyler Seguin.
15:01 of 3rd period - Goal by Tyler Seguin - Hartford Whalers : 3 - Dallas Stars : 3.
15:02 of 3rd period - Filip Chytil wins face-off versus Nick Suzuki in neutral zone.
15:11 of 3rd period - Nick Suzuki is hit by Filip Chytil and loses puck.
15:41 of 3rd period - Wrist shot by Dylan Guenther.
15:41 of 3rd period - Shot Blocked by Trevor van Riemsdyk.
15:57 of 3rd period - Seth Jones is hit by Jack Drury.
16:32 of 3rd period - Wrist shot by Joshua Norris.
16:32 of 3rd period - Shot Hit the Post.
17:04 of 3rd period - Brendan Gallagher is hit by Carter Verhaeghe and loses puck.
17:58 of 3rd period - Off-side.
17:59 of 3rd period - Jack Drury wins face-off versus Nick Suzuki in neutral zone.
18:25 of 3rd period - Trevor van Riemsdyk is hit by Simon Edvinsson.
18:38 of 3rd period - Icing by Dougie Hamilton.
18:39 of 3rd period - Anthony Cirelli wins face-off versus Filip Chytil in Dallas Stars zone.
18:40 of 3rd period - Snap shot by Nick Suzuki.
18:40 of 3rd period - Shot Hit the Post.
18:48 of 3rd period - Slapshot by Joshua Norris.
18:48 of 3rd period - Shot Misses the Net.
18:50 of 3rd period - Snap shot by Joshua Norris.
18:50 of 3rd period - Shot Blocked by Jordan Greenway.
18:52 of 3rd period - Slapshot by Anthony Cirelli.
18:52 of 3rd period - Stopped by Ukko-Pekka Luukkonen with a rebound.
18:54 of 3rd period - Slapshot by Devon Toews.
18:54 of 3rd period - Shot Misses the Net.
19:08 of 3rd period - Slapshot by Dougie Hamilton.
19:08 of 3rd period - Stopped by Joseph Woll with a rebound.
19:10 of 3rd period - Wrist shot by Jack Drury.
19:10 of 3rd period - Shot Misses the Net.
19:12 of 3rd period - Slapshot by Dougie Hamilton.
19:12 of 3rd period - Shot Blocked by Tyler Seguin.
19:14 of 3rd period - Slapshot by Dougie Hamilton.
19:14 of 3rd period - Shot Blocked by Braden Schneider.
19:16 of 3rd period - Snap shot by Jack Drury.
19:16 of 3rd period - Shot Misses the Net.
19:18 of 3rd period - Slapshot by Trent Frederic.
19:18 of 3rd period - Shot Misses the Net.
19:25 of 3rd period - Icing by Tyler Seguin.
19:26 of 3rd period - Elias Lindholm wins face-off versus Carter Verhaeghe in Hartford Whalers zone.
Goals for this period are 2 for Hartford Whalers vs 1 for Dallas Stars.
Shots for this period are 8 for Hartford Whalers vs 13 for Dallas Stars.
Overtime #1
0:01 of 1st overtime period - Sidney Crosby wins face-off versus Elias Lindholm in neutral zone.
0:10 of 1st overtime period - Wrist shot by Sidney Crosby.
0:10 of 1st overtime period - Shot Blocked by Dougie Hamilton.
0:12 of 1st overtime period - Snap shot by Nick Suzuki.
0:12 of 1st overtime period - Goal by Nick Suzuki - Hartford Whalers : 4 - Dallas Stars : 3.
Goals for this period are 1 for Hartford Whalers vs 0 for Dallas Stars.
Shots for this period are 1 for Hartford Whalers vs 0 for Dallas Stars.
Back to the Top